 Dungeon Crawl Stone Soup version 0.30-a0-1074-g5db6f66fbb (webtiles) character file.

Game seed: 11135230250494467678

6062 jimonade the Covert (level 10, -2/97 HPs)
             Began as an Octopode Warper on Apr 14, 2023.
             Was a Follower of Cheibriados.
             Shot with a bolt by a tengu warrior (20 damage)
             ... on level 9 of the Dungeon.
             The game lasted 00:28:03 (9778 turns).

jimonade the Covert (Octopode Warper)               Turns: 9778, Time: 00:28:04

Health: -2/97      AC: 29    Str: 14    XL:     10   Next: 87%
Magic:  18/18      EV:  2    Int: 18    God:    Cheibriados [*.....]
Gold:   494        SH:  0    Dex: 19    Spells: 9/20 levels left

rFire   . . .      SeeInvis .    a - +2 dagger (elec)
rCold   . . .      Faith    .    (no shield)
rNeg    . . .      Spirit   .    (helmet currently unavailable)
rPois   +          Reflect  .    L - amulet of regeneration
rElec   .          Rampage  .    k - +4 ring of protection
rCorr   +          NoTele   +    o - ring of resist corrosion
Will    .....                    (no ring)
Stlth   +++++                    (no ring)
HPRegen 1.16/turn                (no ring)
MPRegen 0.16/turn                (no ring)
                                 (no ring)
                                 (no ring)

@: tree-form, very slow
A: stationary, stasis, torment immunity, boosted hp, almost no armour,
(amphibious), 8 rings, (camouflage 1), (gelatinous body 1), (nimble swimmer 1),
(tentacles)
a: Renounce Religion, Bend Time


You were on level 9 of the Dungeon.
You worshipped Cheibriados.
Cheibriados was aware of your devotion.
You were a tree.
You visited 3 branches of the dungeon, and saw 11 of its levels.

You collected 494 gold pieces.

Inventory:

Hand Weapons
 a - a +2 dagger of electrocution (weapon)
 b - a +0 shortbow
 d - a +2 dagger of draining
 q - a +2 dagger of flaming
 y - a +1 mace of draining
 G - a +0 short sword of venom
 J - a +1 long sword of holy wrath
 O - a +0 scimitar
 P - a +3 long sword
 R - a +1 great sword
Missiles
 c - 7 boomerangs of dispersal
 l - 7 boomerangs
 p - 5 poisoned darts (quivered)
Magical Staves
 w - a staff of fire
 A - a staff of conjuration
Jewellery
 k - a +4 ring of protection (left branch)
 o - a ring of resist corrosion (right branch)
 K - an amulet of faith
 L - an amulet of regeneration (around neck)
Wands
 h - a wand of flame (20)
 x - a wand of roots (9)
 I - a wand of acid (10)
 M - a wand of paralysis (11)
Scrolls
 f - a scroll of fog
 t - a scroll of identify
 B - a scroll of enchant armour
 C - a scroll of teleportation {unknown}
 D - a scroll of enchant weapon {unknown}
 E - a scroll of silence {unknown}
 F - 3 scrolls of blinking
 H - 2 scrolls of magic mapping {unknown}
Potions
 e - 4 potions of brilliance
 g - 4 potions of flight
 i - 2 potions of curing
 m - 2 potions of haste
 n - a potion of attraction
 s - a potion of invisibility
 u - a potion of ambrosia
 v - a potion of berserk rage
 z - a potion of cancellation
 Q - 2 potions of heal wounds {unknown}


   Skills:
 + Level 4.5 Fighting
 + Level 6.7(6.8) Short Blades
 + Level 1.3(4.4) Long Blades
 + Level 2.6 Ranged Weapons
 + Level 1.2 Throwing
 + Level 5.5 Dodging
 + Level 9.8 Stealth
 * Level 5.7 Spellcasting
 * Level 7.1 Translocations
 * Level 5.9 Ice Magic


You had 9 spell levels left.
You knew the following spells:

 Your Spells              Type           Power      Damage    Failure   Level
a - Blink                 Tloc           60%        N/A       1%          2
b - Lesser Beckoning      Tloc           60%        N/A       1%          2
c - Ozocubu's Armour      Ice            26%        N/A       3%          3
d - Manifold Assault      Tloc           30%        N/A       7%          4

Your spell library contained the following spells:

 Spells                   Type           Power      Damage    Failure   Level
 Apportation              Tloc           60%        N/A       1%          1
 Teleport Other           Tloc           30%        N/A       1%          3
 Momentum Strike          Conj/Tloc      34%        3d8       4%          2
 Vhi's Electric Charge    Tloc/Air       34%        N/A       9%          3
 Beastly Appendage        Tmut           10%        N/A       12%         1
 Necrotise                Necr           20%        1d5       12%         1
 Summon Small Mammal      Summ           20%        N/A       12%         1
 Sublimation of Blood     Necr           5%         N/A       19%         2
 Wereblood                Tmut           5%         N/A       19%         2
 Spider Form              Tmut/Pois      5%         N/A       36%         3
 Metabolic Englaciation   Hex/Ice        7%         N/A       71%         5
 Simulacrum               Ice/Necr       7%         N/A       99%         6
 Summon Hydra             Summ           2%         N/A       100%        7


Dungeon Overview and Level Annotations

Branches:
Dungeon (9/15)             Temple (1/1) D:7            Lair (1/5) D:8
    Orc (0/2) D:9

Altars:
Ashenzari
Cheibriados
Dithmenos
Elyvilon
Fedhas
Gozag
Hepliaklqana
Kikubaaqudgha
Makhleb
Nemelex Xobeh
Okawaru
Qazlal
Ru
Sif Muna
Trog
Uskayaw
Vehumet
Wu Jian
Xom
Zin
The Shining One

Shops:
D:1 =   D:8 :

Annotations:
D:7 2 transporters, exclusion: downstairs, hollowman's ghost, novice MiMo
Lair:1 exclusion: black mamba


Innate Abilities, Weirdness & Mutations

You are a tree.
Your roots penetrate the ground, keeping you stationary.
You cannot be teleported.
You are immune to unholy pain and torment.
Your maximum health is greatly increased.
You cannot wear most types of armour.
((You are amphibious.))
You can wear up to eight rings at the same time.
((Your skin changes colour to match your surroundings (Stealth+).))
((Your rubbery body absorbs attacks. (AC +1, EV +1)))
((You are camouflaged when in or above water. (Stealth+)))
((You have tentacles for arms and can constrict up to eight enemies at once.))


Message History

You open the door.
There is an open door here.
Found a stone staircase leading down.
A tengu conjurer comes into view.
The tengu warrior unwields a +0 war axe.
The tengu warrior wields a +0 arbalest.
The tengu warrior shoots a bolt.
The bolt closely misses you.
Found a stone staircase leading down.
The tengu warrior shoots a bolt.
The bolt hits you!!
The tengu warrior shoots a bolt.
The bolt hits you!
The tengu conjurer shouts!
You see here a scroll of identify.
Aiming: Corrosive Bolt
Press: ? - help, Shift-Dir - straight line, f - you
Okay, then.
Aiming: Fastroot
Press: ? - help, Shift-Dir - straight line The roots erupt in riotous growth!
Roots grab the tengu warrior.
Roots grab the tengu conjurer.
The grasping roots constrict the tengu warrior.
The grasping roots constrict the tengu conjurer.
The tengu conjurer mumbles some strange words.
The tengu conjurer conjures a globe of magical energy!
The tengu warrior shoots a bolt.
The bolt barely misses you.
A battlesphere comes into view.
The grasping roots constrict the tengu warrior.
The grasping roots constrict the tengu conjurer!
The roots release their grip on the tengu warrior.
The roots release their grip on the tengu conjurer.
The tengu conjurer points at you and mumbles some strange words.
The bolt of lightning misses you.
The tengu warrior shoots a bolt.
The bolt hits you!!
* * * LOW HITPOINT WARNING * * *
An orc warrior opens the door.
The orc warrior shouts!
You hear a shout!
You hear an angry hiss.
Really quaff the potion of lignification?
You turn into a tree.
Your roots penetrate the ground.
The tengu conjurer points at you and mumbles some strange words.
The bolt of lightning hits you but does no damage.
The tengu warrior shoots a bolt.
The bolt hits you!!
You die...

+......#.....
##'#########......#.....
.....>............#+####
......QQ................
.....>................
......*..............
#...................
#.......###+##......
#..♣....#.. #......
#..?....'.. #....>.
#.......#.. .'.......#
.o#.......#
....#.......#
########.......#
#.......)[.....#
#......))......#


You could see a tengu warrior, a tengu conjurer, an orc warrior and a
battlesphere.

Vanquished Creatures
  A two-headed ogre (D:8)
  A komodo dragon (Lair:1)
  Prince Ribbit (D:7)
  3 wyverns
  A steam dragon (D:8)
  2 wargs
  An acid dragon (D:9)
  3 water moccasins
  2 orc warriors (D:8)
  A black bear (Lair:1)
  5 ice beasts
  3 sky beasts (D:7)
  An ogre (D:4)
  3 centaurs
  A phantom (D:6)
  A kobold brigand (D:8)
  4 bullfrogs
  A scorpion (D:4)
  17 wights
  A howler monkey (D:7)
  9 hounds
  5 orc priests
  A jelly (D:6)
  A gnoll bouda (D:7)
  2 iguanas
  10 orc wizards
  11 gnolls
  6 adders
  A shadow imp (D:5)
  2 white imps
  2 ufetubi
  3 worms
  3 dart slugs
  38 orcs
  7 bats
  5 endoplasms
  2 giant cockroaches
  10 goblins
  5 hobgoblins
  4 jackals (D:1)
  5 quokkas
  6 ball pythons
  3 frilled lizards
  11 kobolds
  7 rats
212 creatures vanquished.

Vanquished Creatures (others)
  2 plants (Lair:1)
2 creatures vanquished.

Grand Total: 214 creatures vanquished

Notes
Turn   | Place    | Note
-------+----------+-------------------------------------------
     0 | D:1      | jimonade the Octopode Warper began the quest for the Orb.
     0 | D:1      | Reached XP level 1. HP: 14/14 MP: 3/3
    34 | D:1      | Found Tigried's One-of-a-Kind Rings.
    64 | D:1      | Reached XP level 2. HP: 16/19 MP: 5/5
   755 | D:1      | Reached XP level 3. HP: 19/24 MP: 6/6
  1040 | D:2      | Reached skill level 1 in Stealth
  1135 | D:2      | Reached XP level 4. HP: 29/29 MP: 7/7
  1176 | D:2      | Found a faded altar of an unknown god.
  1178 | D:2      | You fall into a shaft and drop 2 floors!
  1194 | D:4      | Noticed a scorpion
  1207 | D:4      | Killed a scorpion
  1208 | D:4      | Reached skill level 2 in Stealth
  1208 | D:4      | Reached XP level 5. HP: 12/35 MP: 8/8
  1356 | D:3      | Reached skill level 3 in Stealth
  1403 | D:2      | Identified the +2 dagger "Yrphecej" {speed, rN+}
  2138 | D:3      | Learned a level 2 spell: Blink
  2141 | D:3      | Learned a level 2 spell: Lesser Beckoning
  2559 | D:4      | Reached skill level 4 in Stealth
  2559 | D:4      | Reached XP level 6. HP: 14/41 MP: 9/9
  2783 | D:4      | Reached skill level 1 in Ice Magic
  2938 | D:4      | Found a shimmering blue altar of Sif Muna.
  2941 | D:4      | Found an opulent altar of Gozag.
  2944 | D:4      | Found an ancient bone altar of Kikubaaqudgha.
  3369 | D:4      | Reached XP level 7. HP: 45/45 MP: 10/10
  3839 | D:5      | Entered Level 5 of the Dungeon
  3850 | D:5      | Reached skill level 5 in Stealth
  4461 | D:5      | Reached skill level 5 in Translocations
  4570 | D:5      | Reached XP level 8. HP: 51/51 MP: 12/12
  5391 | D:6      | Reached skill level 6 in Stealth
  5755 | D:6      | Identified the +9 short sword "Grim Tooth" {speed, Fly
                  | rPois rF+ Dex+5}
  6028 | D:7      | Reached skill level 5 in Short Blades
  6072 | D:7      | Reached XP level 9. HP: 57/57 MP: 14/14
  6112 | D:7      | Reached skill level 7 in Stealth
  6186 | D:7      | Noticed hollowman's ghost (novice MiMo)
  6187 | D:7      | Found a transporter.
  6191 | D:7      | Noticed a two-headed ogre
  6223 | D:7      | Learned a level 3 spell: Ozocubu's Armour
  6593 | D:7      | Reached skill level 8 in Stealth
  6620 | D:7      | Reached skill level 1 in Long Blades
  6647 | D:7      | Found a staircase to the Ecumenical Temple.
  6660 | Temple   | Entered the Ecumenical Temple
  6997 | D:7      | Noticed Prince Ribbit
  7007 | D:7      | Killed Prince Ribbit
  7133 | D:8      | Found a staircase to the Lair.
  7164 | D:7      | Found a transporter.
  7270 | D:7      | Reached skill level 5 in Ice Magic
  7330 | D:8      | Reached XP level 10. HP: 49/64 MP: 15/17
  7380 | D:8      | Noticed a two-headed ogre
  7387 | D:7      | Reached skill level 9 in Stealth
  7567 | D:8      | Killed a two-headed ogre
  7635 | D:8      | Reached skill level 5 in Spellcasting
  7662 | D:7      | Reached skill level 1 in Ranged Weapons
  8098 | Temple   | Became a worshipper of Cheibriados the Contemplative
  8278 | D:8      | Reached skill level 5 in Dodging
  8401 | D:8      | Reached * piety under Cheibriados
  8616 | D:8      | Found Duoceenk's Self-Improvement Boutique.
  9320 | D:9      | Found a staircase to the Orcish Mines.
  9338 | D:9      | Noticed a tengu warrior
  9393 | Lair:1   | Entered Level 1 of the Lair of Beasts
  9413 | Lair:1   | Learned a level 4 spell: Manifold Assault
  9548 | Lair:1   | Noticed a black mamba
  9778 | D:9      | Shot with a bolt by a tengu warrior

Illustrated notes

Levels and vault maps discovered:
D:1:      reono_arrival_forest_river, layout_basic, nicolae_shop_unique_rings
D:2:      cheibrodos_greedy_goblins, layout_basic,
          hellmonk_ecumenical_altar_crossroads, minmay_small_reverse_x
D:3:      layout_loops_ring
D:4:      layout_rooms, grunt_temple_overflow_diamond, minmay_circle_x
D:5:      layout_basic
D:6:      layout_loops_ring
D:7:      layout_basic, minmay_temple_entry_fiery, gammafunk_ghost_smash,
          chequers_serial_rivers_room_b, grunt_ministairs_1,
          kennysheep_generic_room_10, uniq_prince_ribbit1
D:8:      layout_layer_cave, erik_lair_orcish_takeover, nicolae_shop_self_help
D:9:      layout_gridville, orc_0_dummy
Temple:   dpeg_three_leaves_temple
Lair:1:   layout_cellular_growth, nicolae_volcano_entry_lava_flow, minivault_23,
          minivault_26, uniq_grum

Skill      XL: |  1  2  3  4  5  6  7  8  9 10 |
---------------+-------------------------------+-----
Stealth        | 1 2 4 5 6 8 9 |  9.8
Dodging        | 3 4 5 |  5.5
Translocations | 4 5 6 7 |  7.1
Short Blades   | 3 4 5 6 |  6.7
Ice Magic      | 1 2 3 5 |  5.9
Spellcasting   | 3 4 5 |  5.7
Fighting       | 3 4 |  4.5
Long Blades    | 1 |  1.3
Ranged Weapons | 2 |  2.6
Throwing       | |  1.2

Action                     |  1- 3 |  4- 6 |  7- 9 | 10-12 || total
---------------------------+-------+-------+-------+-------++-------
  Melee: Short sword       |    24 |       |   114 |    28 ||   166
         Constrict         |    13 |    41 |    17 |    22 ||    93
         Tentacles         |    11 |    34 |    36 |    28 ||   109
         Dagger            |    46 |   159 |    69 |    85 ||   359
         Punch             |       |     2 |     3 |     1 ||     6
         Long sword        |       |       |     7 |       ||     7
   Fire: Shortbow          |       |       |     2 |    24 ||    26
  Throw: Dart              |       |       |     3 |     2 ||     5
         Throwing net      |       |       |       |     1 ||     1
   Cast: Ozocubu's Armour  |       |       |     1 |     1 ||     2
  Evoke: Wand              |       |       |       |     1 ||     1
    Use: Scroll            |       |    10 |     7 |       ||    17
         Potion            |       |       |       |     1 ||     1
   Stab: Sleeping          |    10 |     9 |    25 |     9 ||    53
         Held in net/web   |       |       |       |     1 ||     1
 Armour: Skin              |     4 |    30 |    20 |    19 ||    73
  Dodge: Dodged            |    45 |    76 |    68 |    68 ||   257

Table legend: (Time is in decaauts)
 A = Elapsed time spent in this place.
 B = Non-inter-level travel time spent in this place.
 C = Inter-level travel time spent in this place.
 D = Time resting spent in this place.
 E = Time spent auto-exploring this place.
 F = Levels seen in this place.
 G = Mean time per level.
                   A        B        C        D        E       F      G
               +--------+--------+--------+--------+--------+-----+--------+
         Total |  10126 |   9521 |    605 |   1675 |   4830 |  11 |  920.5 |
       Dungeon |   9803 |   9229 |    574 |   1648 |   4746 |   9 | 1089.2 |
        Temple |    103 |     95 |      8 |      0 |     58 |   1 |  103.0 |
          Lair |    219 |    197 |     22 |     27 |     26 |   1 |  219.0 |
               +--------+--------+--------+--------+--------+-----+--------+

Top non-repeatable levels by time:
     D:8: 1779 daAuts
     D:7: 1772 daAuts
     D:5: 1491 daAuts
     D:3: 1194 daAuts
     D:4: 1184 daAuts
     D:1: 838 daAuts
     D:6: 680 daAuts
     D:2: 561 daAuts
     D:9: 299 daAuts
  Lair:1: 219 daAuts
  Temple: 103 daAuts
